 Dungeon Crawl Stone Soup version 0.26-a0-291-g3d11bbfad5 (webtiles) character file.

Game seed: 8178429742636281523

142 BritishOli the Skirmisher (level 5, 0/42 HPs)
             Began as a Demonspawn Fighter on July 14, 2020.
             Slain by Sigmund
             ... wielding a +0 scythe
              (11 damage)
             ... on level 2 of the Dungeon.
             The game lasted 00:02:59 (2044 turns).

BritishOli the Skirmisher (Demonspawn Fighter)      Turns: 2044, Time: 00:03:00

Health: 0/42       AC:  6    Str: 17    XL:     5   Next: 3%
Magic:  5/5        EV: 12    Int:  9    God:
Gold:   31         SH:  0    Dex: 13    Spells: 4/4 levels left

rFire    . . .     SeeInvis .   a - +0 long sword
rCold    . . .     Faith    .   c - +0 kite shield
rNeg     . . .     Spirit   .   b - +0 scale mail
rPois    .         Reflect  .   (no helmet)
rElec    .         Harm     .   (no cloak)
rCorr    .                      (no gloves)
MR       .....                  (no boots)
Stlth    ..........             (no amulet)
HPRegen  0.14/turn              (no ring)
MPRegen  0.09/turn              (no ring)

@: confused, agile
A: powered by death 1, powered by pain 1
a: no special abilities


You were on level 2 of the Dungeon.
You visited 1 branch of the dungeon, and saw 2 of its levels.

You collected 31 gold pieces.

Inventory:

Hand Weapons
 a - a +0 long sword (weapon)
Armour
 b - a +0 scale mail (worn)
 c - a +0 kite shield (worn)
Wands
 j - a wand of paralysis (12)
Scrolls
 f - 2 scrolls of enchant weapon {unknown}
 h - a scroll of identify {unknown}
Potions
 d - a potion of might
 e - 5 potions of curing {unknown}
 g - a potion of brilliance {unknown}
 i - a potion of berserk rage {unknown}


   Skills:
 + Level 3.8 Fighting
 + Level 2.8 Long Blades
 + Level 3.4 Armour
 + Level 3.5 Shields


You had 4 spell levels left.
You didn't know any spells.
Your spell library was empty.

Dungeon Overview and Level Annotations

Branches:
Dungeon (2/15)

Altars:

Annotations:
D:2 Sigmund, Terence


Innate Abilities, Weirdness & Mutations

You regenerate a little health from kills.
You sometimes gain a little power by taking damage.


Message History

You hear some strange, mumbled words.
A puff of flame appears from out of thin air!
You block the puff of flame. Something hits you but does no damage.
Something hits you! Something hits you.
A worm comes into view.
You hear some strange, mumbled words.
Something tries to affect you, but you resist.
Something hits you!
You focus on the pain.
You feel agile all of a sudden. Something hits you.
You hear some strange, mumbled words.
You are confused.
You bump into the rock wall.
Something hits you but does no damage. Something hits you.
* * * LOW HITPOINT WARNING * * *
Something hits you but does no damage.
You're too confused to move!
Something hits you!
You die...

###..###.#####.##.#
#.............#.#
#..###........#.#
####..###...##.#.#.#
#..................#
#####.##.#.......#.#.###
..>.#[.............#.#
###.#.##.............#
......#####.####@#####
............# #.#
.##.#.##.##.# ##@##
.##......##.# #...#
....#.......# #..w#
†##.#.#..#### #...#
.##.(....######...##### ..
..#.#.#..##...........##...
..#.#.#......)............


You could see Terence and a worm.

Vanquished Creatures
  Jessica (D:2)
  An orc wizard (D:1)
  4 gnolls
  4 orcs (D:2)
  9 bats
  3 giant cockroaches
  6 goblins
  6 hobgoblins
  A quokka (D:1)
  6 frilled lizards
  6 kobolds (D:1)
  4 rats (D:1)
51 creatures vanquished.

Vanquished Creatures (others)
  5 toadstools (D:1)
5 creatures vanquished.

Grand Total: 56 creatures vanquished

Notes
Turn   | Place    | Note
-------+----------+-------------------------------------------
     0 | D:1      | BritishOli the Demonspawn Fighter began the quest for the
                  | Orb.
     0 | D:1      | Reached XP level 1. HP: 18/18 MP: 1/1
   103 | D:1      | Gained mutation: You sometimes gain a little power by
                  | taking damage. [demonic ancestry]
   103 | D:1      | Reached XP level 2. HP: 11/24 MP: 2/2
   722 | D:1      | Reached XP level 3. HP: 29/29 MP: 3/3
  1182 | D:2      | Noticed Jessica
  1189 | D:2      | Killed Jessica
  1189 | D:2      | Gained mutation: You regenerate a little health from kills.
                  | [demonic ancestry]
  1189 | D:2      | Reached XP level 4. HP: 35/35 MP: 4/4
  1882 | D:2      | Reached XP level 5. HP: 31/42 MP: 5/5
  2007 | D:2      | Noticed Terence
  2009 | D:2      | Noticed Sigmund
  2044 | D:2      | Slain by Sigmund

Illustrated notes

Levels and vault maps discovered:
D:1:      ldierk_walled_garden, layout_basic, kennysheep_flooded_box,
          st_stairs_13, minmay_heptomino_l4
D:2:      layout_loops_cross, nicolae_overflow_crystal_walls, uniq_sigmund,
          uniq_terence, uniq_jessica

Skill      XL: |  1  2 |
---------------+-------+-----
Long Blades    | 2 |  2.8
Armour         | 3 |  3.4
Shields        | 3 |  3.5
Fighting       | |  3.8

Action                   |  1- 3 |  4- 6 || total
-------------------------+-------+-------++-------
Melee: Long sword        |    98 |    85 ||   183
Armor: Scale mail        |    50 |    79 ||   129
Dodge: Dodged            |    31 |    38 ||    69
Block: Kite shield       |    53 |    80 ||   133
       Rpst.: Long sword |     9 |    12 ||    21

Table legend:
 A = Non-vault XP
 B = Vault XP
 C = Vault XP percentage of total XP
 D = Non-vault monster count
 E = Vault monster count
 F = Vault count percentage of total count
                 A         B        C        D         E       F
            +---------+---------+-------+---------+---------+-------
      Total |     147 |      56 |  27.6 |      45 |       6 |  11.8
            +---------+---------+-------+---------+---------+-------
        D:1 |      81 |      19 |  19.0 |      31 |       5 |  13.9
        D:2 |      66 |      37 |  35.9 |      14 |       1 |   6.7
            +---------+---------+-------+---------+---------+-------
